 Dungeon Crawl Stone Soup version 0.30.0-19-g36f170ea60 (webtiles) character file.

Game seed: 2849112474640238985

19 javelincjr the Conjurer (level 2, -2/19 HPs)
             Began as a Demonspawn Conjurer on May 30, 2023.
             Slain by Terence
             ... wielding a +0 falchion
              (9 damage)
             ... on level 2 of the Dungeon.
             The game lasted 00:05:31 (869 turns).

javelincjr the Conjurer (Demonspawn Conjurer)        Turns: 869, Time: 00:05:31

Health: -2/19      AC:  2    Str:  7    XL:     2   Next: 55%
Magic:  3/5        EV: 12    Int: 19    God:
Gold:   43         SH:  0    Dex: 11    Spells: 2/5 levels left

rFire   . . .        g - staff of conjuration
rCold   . . .        (no shield)
rNeg    + . .        a - +0 robe
rPois   .            (no helmet)
rElec   .            (no cloak)
rCorr   .            (no gloves)
SInv    .            (no boots)
Will    .....        (no amulet)
Stlth   ++           h - ring of positive energy
HPRegen 0.23/turn    (no ring)
MPRegen 0.09/turn

%: no passive effects
@: no status effects
A: demonic touch 1
a: no special abilities


You were on level 2 of the Dungeon.
You visited 1 branch of the dungeon, and saw 2 of its levels.

You collected 43 gold pieces.

Inventory:

Hand Weapons
 c - a +0 long sword
 n - a +5 hand axe
Armour
 a - a +0 robe (worn)
Magical Staves
 g - a staff of conjuration (weapon)
Jewellery
 h - a ring of positive energy (left hand)
Scrolls
 e - a scroll of fog {unknown}
 f - 2 scrolls of identify {unknown}
 k - a scroll of teleportation {unknown}
 m - a scroll of enchant armour {unknown}
Potions
 i - a potion of degeneration {unknown}
 j - a potion of might {unknown}
 l - a potion of flight {unknown}


   Skills:
 + Level 2.1 Dodging
 + Level 2.1 Stealth
 + Level 2.2 Spellcasting
 + Level 4.1 Conjurations


You had 2 spell levels left.
You knew the following spells:

 Your Spells              Type           Power      Damage    Failure   Level
a - Magic Dart            Conj           100%       1d8       3%          1
b - Searing Ray           Conj           54%        2d6       4%          2

Your spell library contained the following spells:

 Spells                   Type           Power      Damage    Failure   Level
 Dazzling Flash           Conj/Hex       30%        N/A       22%         3
 Fulminant Prism          Conj/Hex       7%         3d7       56%         4
 Iskenderun's Mystic Bla  Conj/Tloc      15%        2d5       56%         4


Dungeon Overview and Level Annotations

Branches:
Dungeon (2/15)

Altars:

Shops:
D:1 *

Annotations:
D:2 Terence


Innate Abilities, Weirdness & Mutations

Your touch may inflict minor irresistible damage on your foes.


Message History

Done exploring.
Done exploring.
There is a stone staircase leading down here.
You climb downwards.
There is a stone staircase leading up here.
Terence the Incautious comes into view.
He is wielding a +0 falchion, wearing a +1 scale mail of cold resistance and carrying a wand of flame (14).
Terence shouts!
A bat comes into view.
The bat hits you but does no damage.
You feel a surge of power!
The magic dart hits the bat.
You kill the bat!
You feel a surge of power!
The magic dart hits Terence.
Terence is lightly wounded.
You feel a surge of power!
The magic dart hits Terence but does no damage.
Terence is lightly wounded.
Terence screams, "I'm going to kill you!"
You feel a surge of power!
The magic dart hits Terence.
Terence is moderately wounded.
Terence hits you with a +0 falchion.
You feel a surge of power!
The magic dart hits Terence but does no damage.
Terence is moderately wounded.
Terence zaps a wand.
The puff of flame hits you!
Ouch! That really hurt!
* * * LOW HITPOINT WARNING * * *
It was a potion of heal wounds.
You feel much better.
Terence zaps a wand.
The puff of flame hits you. Magic courses through your body.
Terence hits you with a +0 falchion.
Casting: Magic Dart (safe; 3% risk of failure)
Confirm with . or Enter, or press ? or * to list all spells.
Aiming: Searing Ray (safe; 4% risk of failure)
Press: ? - help, Shift-Dir - straight line, f/p - Terence
Aim: Terence, wielding a +0 falchion, wearing a +1 scale mail of cold resistance and carrying a wand of flame (12) (moderately wounded, 82% to hit)
You feel a surge of power!
The searing ray hits Terence but does no damage.
Terence is moderately wounded. (Press . to maintain the ray.) Terence hits you with a +0 falchion!
You die...

#.# # #.# #. #.# ..
#.# .. #.####.# ###
#. #......# ...
#..###..##### ..###
#...<...#####.....#
#.........@@†.#.#
##..###.........#
#.. ######.####
.... .# ###.. .#
... .# ###. .. .#


You could see Terence.

Vanquished Creatures
  A dart slug (D:1)
  A giant cockroach (D:1)
  3 goblins (D:1)
  4 ball pythons (D:1)
  2 bats
  3 kobolds (D:1)
  3 rats (D:1)
17 creatures vanquished.

Notes
Turn   | Place    | Note
-------+----------+-------------------------------------------
     0 | D:1      | javelincjr the Demonspawn Conjurer began the quest for the
                  | Orb.
     0 | D:1      | Reached XP level 1. HP: 13/13 MP: 3/3
   323 | D:1      | Discovered your monstrous ancestry.
   323 | D:1      | Gained mutation: Your touch may inflict minor irresistible
                  | damage on your foes. [demonic ancestry]
   323 | D:1      | Reached XP level 2. HP: 19/19 MP: 3/5
   577 | D:1      | Found Bidgh's General Store.
   827 | D:1      | Learned a level 2 spell: Searing Ray
   859 | D:2      | Noticed Terence
   869 | D:2      | Slain by Terence

Illustrated notes

Levels and vault maps discovered:
D:1:      amcnicky_arrival_gap_in_the_tavern_cellar, layout_loops_ring,
          serial_shops, shop, minmay_shallow_snake_nest
D:2:      layout_loops_ring, kennysheep_decorative_pillar, minmay_surrounded,
          uniq_terence

Skill      XL: |  1 |
---------------+----+-----
Dodging        | 2 |  2.1
Stealth        | 2 |  2.1
Spellcasting   | |  2.2
Conjurations   | |  4.1

Action                     || total
---------------------------++-------
  Melee: Long sword        ||     3
         Unarmed           ||     3
         Staff             ||    21
         Touch             ||     4
         Punch             ||     1
   Cast: Magic Dart        ||    14
         Searing Ray       ||     1
    Use: Potion            ||     2
   Stab: Sleeping          ||     7
 Armour: Robe              ||     6
  Dodge: Dodged            ||    12
